Map: Odyssey LE

Players

shishogan - Winner!

  • Race: Protoss Protoss
  • League: Gold
  • Spawn Location: 11:00

Whiskydog

  • Race: Terran Terran
  • League: Silver
  • Spawn Location: 5:00

VOD

Have the link to the VOD?

Description

Time

  • Played on: June 10, 2017, 10:27 p.m.
  • Length: 1:50
Show
View Real Time Build Order
Export as new Build Order

shishogan Protoss - Winner!

Build Orders: Cannon Rush 

Get SALT Encoding   

  12  0:14  Pylon  
  12  0:34  Forge  
  12  1:04  Pylon  
  12  1:25  Photon Cannon  
  12  1:29  Photon Cannon  
  12  1:33  Pylon  
  12  1:39  Photon Cannon  
Show
View Real Time Build Order
Export as new Build Order

Whiskydog Terran 

Build Orders:  

Get SALT Encoding   

  12  0:03  SCV  
  13  0:18  Supply Depot, SCV  
  14  0:25  Refinery  
  14  0:31  SCV  
  15  0:45  Barracks  
  15  0:47  SCV  
  16  0:59  SCV  
  17  1:10  Engineering Bay  
  18  1:11  SCV  
  18  1:23  Supply Depot  
  18  1:25  SCV  
  19  1:37  SCV  
Tags
 
Matchup
PvT
Replay Pack
SIII
Spawn Locations
Cross Positions
Add a new tag
Caveats
  • Supply blocks, unpowered buildings, or Contaminate may cause inaccurate times.
  • Supply counts are checked every 10 seconds.